 Dungeon Crawl Stone Soup version 0.22.0 (webtiles) character file.

57 dysrexia the Insei (level 3, -7/28 HPs)
             Began as a Draconian Transmuter on Aug 11, 2018.
             Mangled by an ogre
             ... wielding a +0 giant club
              (28 damage)
             ... on level 3 of the Dungeon.
             The game lasted 00:05:14 (1341 turns).

dysrexia the Insei (Draconian Transmuter)           Turns: 1341, Time: 00:05:15

Health: -7/28      AC:  2    Str: 12    XL:     3   Next: 73%
Magic:  3/6        EV: 19    Int: 13    God:
Gold:   59         SH:  0    Dex: 17    Spells: 0/6 levels left

rFire    . . .     SeeInvis .     - Unarmed
rCold    . . .     Gourm    .   (shield currently unavailable)
rNeg     . . .     Faith    .   (armour unavailable)
rPois    x         Spirit   .   (helmet currently unavailable)
rElec    .         Reflect  .   (cloak currently unavailable)
rCorr    .         Harm     .   (gloves currently unavailable)
MR       .....                  (boots currently unavailable)
Stlth    ++........             (no amulet)
HPRegen  0.09/turn              (no ring)
MPRegen  0.10/turn              (no ring)

@: spider-form (expiring)
A: tiny, unfitting armour, AC +5
a: End Transformation


You were on level 3 of the Dungeon.
You were not hungry.
You were a venomous arachnid creature.
You visited 1 branch of the dungeon, and saw 3 of its levels.

You collected 59 gold pieces.

Inventory:

Missiles
 a - 12 arrows
Armour
 i - a +0 cloak (melded)
Jewellery
 j - an uncursed ring of protection from cold {unknown}
Scrolls
 d - a scroll of enchant weapon {unknown}
 e - a scroll of remove curse
 k - 2 scrolls of identify {unknown}
 l - a scroll of teleportation
Potions
 b - a potion of berserk rage {unknown}
 g - a potion of heal wounds {unknown}
 h - a potion of brilliance {unknown}
Comestibles
 c - 3 rations
 f - 4 chunks of flesh


   Skills:
 - Level 1.1 Fighting
 - Level 1.7 Dodging
 * Level 4.7 Unarmed Combat
 - Level 2.0 Spellcasting
 - Level 2.0 Transmutations


You couldn't memorise any spells.
You knew the following spells:

 Your Spells              Type           Power        Failure   Level  Hunger
a - Beastly Appendage     Tmut           #.....       26%         1    ##.....
b - Sticks to Snakes      Tmut           #.......     36%         2    ###....
c - Spider Form           Tmut/Pois      #.........   67%         3    ####...

Your spell library contained the following spells:

 Spells                   Type           Power        Failure   Level  Hunger
 Blade Hands              Tmut           #.........   99%         5    ######.
 Ice Form                 Ice/Tmut       #.......     95%         4    #####..


Dungeon Overview and Level Annotations

Branches:
Dungeon (3/15)

Altars:


Innate Abilities, Weirdness & Mutations

((Your plain brown scales are hard. (AC +5)))
You cannot fit into any form of body armour.
((You are cold-blooded and may be slowed by cold attacks.))


Message History

Sorry, you're not good enough to have a special ability.
There isn't anything here!
Casting: Beastly Appendage (safe; 11% risk of failure)
Confirm with . or Enter, or press ? or * to list all spells.
You turn into a venomous arachnid creature.
Your +0 cloak melds into your body.
There is a stone staircase leading down here.
Your transformation is almost over.
You climb downwards.
The ogre misses you.
There is a stone staircase leading up here.
You bite the ogre!
The ogre is moderately wounded.
The ogre hits you with a giant club.
You hit the ogre.
The ogre is poisoned.
The ogre is heavily wounded.
You hit the ogre but do no damage.
The ogre is heavily wounded.
The ogre hits you with a giant club!!
Ouch! That really hurt!
You die...

#. ## .. #. .#
###.##. .
...#%. ###.#
##...##....#
##..^....#
##....s..#
#......O.#
#..............
..#.......#####
# #.......#
#.......#
#.......#
#.......#
####.####


You could see an ogre.

Vanquished Creatures
  An ooze (D:2)
  2 worms (D:2)
  2 dart slugs (D:1)
  3 leopard geckos
  6 bats
  3 giant cockroaches
  5 hobgoblins
  6 kobolds
  A quokka (D:2)
  A ball python (D:1)
  3 frilled lizards
  3 goblins
  3 rats
39 creatures vanquished.

Notes
Turn   | Place    | Note
-------+----------+-------------------------------------------
     0 | D:1      | dysrexia the Draconian Transmuter began the quest for the Orb.
     0 | D:1      | Reached XP level 1. HP: 16/16 MP: 3/3
   298 | D:1      | Reached XP level 2. HP: 21/23 MP: 5/5
   475 | D:1      | Reached skill level 4 in Unarmed Combat
   900 | D:2      | Reached XP level 3. HP: 25/28 MP: 6/6
  1274 | D:2      | Learned a level 2 spell: Sticks to Snakes
  1278 | D:2      | Learned a level 3 spell: Spider Form
  1323 | D:3      | Noticed an ogre
  1341 | D:3      | Mangled by an ogre

Skill      XL: |  1  2 |
---------------+-------+-----
Unarmed Combat | 4 |  4.7
Fighting       | |  1.1
Dodging        | |  1.7
Spellcasting   | |  2.0
Transmutations | |  2.0

Action                   || total
-------------------------++-------
Melee: Unarmed           ||   177
       Tailslap          ||    14
       Punch             ||     1
       Kick              ||     3
 Cast: Beastly Appendage ||     2
       Spider Form       ||     1
  Use: Scroll            ||     4
  Eat: Chunk             ||     2
Armor: Skin              ||    64
Dodge: Dodged            ||   108
